 Dungeon Crawl Stone Soup version 0.27.0-1-g7a089689b8 (webtiles) character file.

Game seed: 9380639878622302082

7605 gimp the Cleaver (level 10, -37/91 HPs)
             Began as a Minotaur Berserker on Aug 1, 2021.
             Was an Elder of Trog.
             Killed from afar by a deep elf zephyrmancer (40 damage)
             ... with a bolt of lightning
             ... on level 10 of the Dungeon.
             The game lasted 00:06:51 (7443 turns).

gimp the Cleaver (Minotaur Berserker)               Turns: 7443, Time: 00:06:51

Health: -37/91     AC: 15    Str: 24    XL:     10   Next: 98%
Magic:  9/9        EV:  7    Int:  4    God:    Trog [****..]
Gold:   370        SH: 12    Dex: 17    Spells: 9/9 levels left

rFire    . . .     SeeInvis .   b - +0 broad axe
rCold    . . .     Faith    .   q - +0 kite shield
rNeg     + . .     Spirit   .   y - +0 plate armour
rPois    .         Reflect  .   (helmet restricted)
rElec    .         Harm     .   (no cloak)
rCorr    .         Rampage  .   i - +0 pair of gloves
Will     .....                  (no boots)
Stlth    ..........             (no amulet)
HPRegen  0.25/turn              p - +6 ring of dexterity
MPRegen  0.11/turn              w - ring of positive energy

@: on berserk cooldown, slowed, very slow
A: horns 2, retaliatory headbutt
a: Renounce Religion, Berserk, Trog's Hand, Brothers in Arms


You were on level 10 of the Dungeon.
You worshipped Trog.
Trog was greatly pleased with you.
You visited 2 branches of the dungeon, and saw 10 of its levels.

You collected 370 gold pieces.

Inventory:

Hand Weapons
 a - a +0 hand axe
 b - a +0 broad axe (weapon)
Missiles
 t - 22 poisoned darts (quivered)
 v - 2 throwing nets
Armour
 i - a +0 pair of gloves (worn)
 q - a +0 kite shield (worn)
 y - a +0 plate armour (worn)
Jewellery
 p - a +6 ring of dexterity (left hand)
 w - a ring of positive energy (right hand)
Wands
 c - a wand of flame (30)
 E - a wand of iceblast (13)
 F - a wand of acid (6)
Scrolls
 d - 3 scrolls of amnesia {unknown}
 e - 7 scrolls of identify {unknown}
 f - 2 scrolls of blinking {unknown}
 j - 4 scrolls of noise {unknown}
 l - a scroll of enchant weapon {unknown}
 m - a scroll of vulnerability {unknown}
 n - 2 scrolls of holy word {unknown}
 o - 2 scrolls of enchant armour {unknown}
 r - 2 scrolls of teleportation {unknown}
Potions
 g - 4 potions of curing {unknown}
 h - a potion of invisibility {unknown}
 k - 3 potions of lignification {unknown}
 s - a potion of brilliance {unknown}
 u - 2 potions of resistance {unknown}
 x - 2 potions of attraction {unknown}
 z - 2 potions of degeneration {unknown}
 A - 2 potions of magic {unknown}
 B - 2 potions of heal wounds {unknown}
 C - 2 potions of might {unknown}
 D - a potion of mutation {unknown}


   Skills:
 - Level 9.0 Fighting
 * Level 13.7 Axes
 - Level 9.0 Armour
 - Level 2.1 Dodging
 + Level 8.9 Shields


You had 9 spell levels left.
You didn't know any spells.
Your spell library was empty.

Dungeon Overview and Level Annotations

Branches:
Dungeon (10/15)            Temple (1/1) D:4
   Lair: D:8-11         Orc: D:9-12

Altars:
Ashenzari
Cheibriados
Dithmenos
Elyvilon
Hepliaklqana
Kikubaaqudgha
Nemelex Xobeh
Okawaru
Ru
Sif Muna
Yredelemnul
Zin
The Shining One

Shops:
D:1 (

Annotations:
D:3 Ijyb
D:5 3 runed translucent doors, TheOneDM's ghost, novice MfGl
D:9 2 transporters


Innate Abilities, Weirdness & Mutations

You have a pair of horns on your head.
You reflexively headbutt those who attack you in melee.


Message History

You slash the orc warrior! You slice the orc warrior!!
You kill the orc warrior!
Trog accepts your kill.
You completely miss the deep elf zephyrmancer.
The deep elf zephyrmancer gestures at you while chanting.
The bolt of lightning hits you!
You take 13 damage, and have 77/136 hp.
You slice the deep elf zephyrmancer!!
The deep elf zephyrmancer is severely wounded.
You are no longer berserk.
You are exhausted.
You feel yourself slow down.
The deep elf zephyrmancer mumbles some strange words.
The deep elf zephyrmancer blinks!
You now have 51/91 hp.
The deep elf zephyrmancer hits you but does no damage.
Items here: ! ) [ †.
You closely miss the deep elf zephyrmancer.
The deep elf zephyrmancer is severely wounded.
The deep elf zephyrmancer gestures at you while chanting.
The bolt of lightning hits you!!
The deep elf zephyrmancer gestures at you while chanting.
The bolt of lightning misses you.
You take 22 damage, and have 30/91 hp.
MASSIVE DAMAGE!!
You closely miss the deep elf zephyrmancer.
The deep elf zephyrmancer is severely wounded.
The deep elf zephyrmancer points at you and mumbles some strange words.
The bolt of lightning hits you!!
* * * LOW HITPOINT WARNING * * *
You take 27 damage, and have 3/91 hp.
MASSIVE DAMAGE!!
Aiming: Corrosive Bolt
Press: ? - help, Shift-Dir - straight line, f - deep elf zephyrmancer
Aim: a deep elf zephyrmancer, wielding a +0 rapier and wearing a +0 leather armour (severely wounded, 60% to hit)
The bolt of acid misses the deep elf zephyrmancer.
The deep elf zephyrmancer gestures wildly while chanting.
The deep elf zephyrmancer blinks!
The deep elf zephyrmancer casts a spell at you.
The bolt of lightning hits you!!!
You die...

.#### .... ... ..##
...#########
......##...####
...##.##.♣.)e.######
......##(♣.#)..'@..#
.......#.♣.######§.+
####..##........####
#..#########.#
####..#...♣ ♣.♣♣
......#.♣♣♣♣# ♣♣.♣#
###...#.....# ♣♣.#
##..#♣♣♣♣.# ♣♣†♣#
#..#.....#♣♣.♣♣


You could see a deep elf zephyrmancer.

Vanquished Creatures
  4 two-headed ogres
  A deep troll (D:10)
  A manticore (D:10)
  A gargoyle (D:10)
  An unseen horror (D:10)
  A kobold demonologist (D:6)
  A troll (D:9)
  A wraith (D:9)
  A steam dragon (D:9)
  3 acid dragons (D:10)
  A black bear (D:6)
  A necrophage (D:6)
  An ice beast (D:5)
  3 orc warriors
  2 centaurs (D:9)
  3 kobold brigands
  3 bullfrogs
  3 scorpions
  A wyvern zombie (D:7)
  A water moccasin zombie (D:7)
  6 killer bees (D:9)
  4 howler monkeys
  3 wights (D:6)
  A bullfrog zombie (D:5)
  2 centaur zombies
  2 hounds (D:5)
  2 bullfrog skeletons
  2 jellies (D:6)
  2 orc priests
  Terence (D:3)
  An iguana (D:4)
  2 orc wizards
  2 hound zombies (D:5)
  A hound skeleton (D:4)
  A howler monkey zombie (D:6)
  Robin (D:4)
  2 adders
  14 gnolls
  A white imp (D:5)
  An ufetubus (D:6)
  A dart slug (D:5)
  11 orcs
  4 bats
  7 endoplasms
  2 giant cockroaches
  10 goblins (D:4)
  5 hobgoblins
  2 jackals (D:5)
  3 quokkas
  5 ball pythons (D:2)
  5 frilled lizards
  17 kobolds
  4 rats
161 creatures vanquished.

Vanquished Creatures (others)
  2 fungi (D:6)
  3 plants (D:10)
  5 toadstools (D:6)
10 creatures vanquished.

Grand Total: 171 creatures vanquished

Notes
Turn   | Place    | Note
-------+----------+-------------------------------------------
     0 | D:1      | gimp the Minotaur Berserker began the quest for the Orb.
     0 | D:1      | Reached XP level 1. HP: 19/19 MP: 0/0
   353 | D:1      | Reached skill level 4 in Axes
   355 | D:1      | Reached XP level 2. HP: 26/27 MP: 1/1
   453 | D:1      | Found Wuvon's Antique Weapon Shoppe.
  1131 | D:2      | Reached XP level 3. HP: 33/33 MP: 2/2
  1203 | D:1      | Reached ** piety under Trog
  1204 | D:1      | Reached XP level 4. HP: 22/40 MP: 3/3
  1316 | D:2      | Reached skill level 5 in Axes
  2017 | D:3      | Noticed Ijyb
  2086 | D:3      | Noticed Terence
  2092 | D:3      | Killed Terence
  2099 | D:3      | Reached XP level 5. HP: 47/47 MP: 4/4
  2143 | D:4      | Noticed Robin
  2164 | D:4      | Killed Robin
  2366 | D:4      | Found a staircase to the Ecumenical Temple.
  2381 | Temple   | Entered the Ecumenical Temple
  2592 | D:4      | Reached skill level 5 in Fighting
  2592 | D:4      | Reached skill level 6 in Axes
  2798 | D:4      | Reached XP level 6. HP: 53/56 MP: 5/5
  3360 | D:5      | Entered Level 5 of the Dungeon
  3484 | D:5      | Noticed an ice beast
  3495 | D:5      | Killed an ice beast
  3496 | D:5      | Reached skill level 7 in Axes
  3496 | D:5      | Reached skill level 1 in Shields
  3749 | D:5      | Reached XP level 7. HP: 61/61 MP: 6/6
  3806 | D:5      | Found a runed translucent gate.
  3807 | D:5      | Found a runed translucent gate.
  3808 | D:5      | Found a runed translucent gate.
  3810 | D:5      | Noticed TheOneDM's ghost (novice MfGl)
  4001 | D:5      | Reached skill level 5 in Armour
  4001 | D:5      | Found a glowing golden altar of the Shining One.
  4001 | D:5      | Found a glowing silver altar of Zin.
  4003 | D:5      | Found a white marble altar of Elyvilon.
  4054 | D:5      | Reached *** piety under Trog
  4382 | D:6      | Noticed a kobold demonologist
  4387 | D:6      | Killed a kobold demonologist
  4388 | D:6      | Reached skill level 8 in Axes
  4398 | D:6      | Reached XP level 8. HP: 65/71 MP: 7/7
  4653 | D:6      | Reached skill level 9 in Axes
  5718 | D:7      | Reached skill level 5 in Shields
  5884 | D:7      | Reached XP level 9. HP: 74/79 MP: 8/8
  5977 | D:7      | You fall into a shaft and drop 2 floors!
  5987 | D:9      | Reached skill level 10 in Axes
  6020 | D:9      | Reached **** piety under Trog
  6021 | D:9      | Found a broken altar of Ashenzari.
  6151 | D:9      | Noticed a two-headed ogre
  6159 | D:9      | Killed a two-headed ogre
  6208 | D:9      | Reached skill level 11 in Axes
  6340 | D:9      | Found a transporter.
  6342 | D:9      | Found a transporter.
  6720 | D:9      | Noticed a troll
  6728 | D:9      | Killed a troll
  7030 | D:10     | Entered Level 10 of the Dungeon
  7047 | D:10     | Noticed a two-headed ogre
  7053 | D:10     | Noticed a gargoyle
  7055 | D:10     | Reached XP level 10. HP: 90/90 MP: 9/9
  7056 | D:10     | Killed a two-headed ogre
  7060 | D:10     | Killed a gargoyle
  7061 | D:10     | Reached skill level 12 in Axes
  7237 | D:10     | Noticed a manticore
  7237 | D:10     | Noticed a two-headed ogre
  7237 | D:10     | Noticed a two-headed ogre
  7242 | D:10     | Killed a two-headed ogre
  7246 | D:10     | Killed a manticore
  7247 | D:10     | Killed a two-headed ogre
  7248 | D:10     | Reached skill level 13 in Axes
  7426 | D:10     | Noticed a deep elf zephyrmancer
  7426 | D:10     | Noticed a deep troll
  7436 | D:10     | Killed a deep troll
  7442 | D:10     | HP: 3/91 [deep elf zephyrmancer/bolt of lightning (28)]
  7443 | D:10     | Killed from afar by a deep elf zephyrmancer

Illustrated notes

Levels and vault maps discovered:
D:1:      matt_arrival_grand_opening, layout_loops_corners, serial_shops, shop,
          nrook_mini_vaults
D:2:      kennysheep_big_flooded_room, layout_loops_ring
D:3:      layout_basic, amcnicky_altar_gilded, xom_teletrap_fun,
          shapermc_ecumenical_altar_totnotflames, kennysheep_generic_room_5,
          uniq_terence, uniq_ijyb
D:4:      kennysheep_spiral_hall, layout_basic,
          minmay_temple_entry_glassed_door, uniq_robin
D:5:      layout_loops_ring, good_gods_temple_1, gammafunk_ghost_necromancy
D:6:      layout_basic, minmay_gold_behind_fungi
D:7:      layout_cave_pools, lightli_minifort
D:9:      gammafunk_steamed_eel, layout_loops_ring, cheibrodos_ashenzari_chains,
          solitary_fountain, minmay_strange_pillars
D:10:     nzn_winding_woodlands_three_and_one
          [nzn_winding_woodlands_5x15_pathside_ponds,
          nzn_winding_woodlands_5x15_crooked,
          nzn_winding_woodlands_5x15_sidewinder,
          nzn_winding_woodlands_center_lodge], layout_loops_ring,
          nicolae_gozag_cash_rules_everything_around_me, orc_0_dummy,
          chequers_serial_rivers_marsh, uniq_maggie
Temple:   kb_temple_of_zot

Skill      XL: |  1  2  3  4  5  6  7  8  9 10 |
---------------+-------------------------------+-----
Axes           | 4 5 6 7 8 9 11 13 | 13.7
Fighting       | 4 5 6 7 8 9 |  9.0
Armour         | 3 4 5 6 8 9 |  9.0
Shields        | 1 3 5 6 8 |  8.9
Dodging        | |  2.1

Action                   |  1- 3 |  4- 6 |  7- 9 | 10-12 || total
-------------------------+-------+-------+-------+-------++-------
Melee: Hand axe          |    45 |   132 |   172 |       ||   349
       Headbutt          |     4 |    24 |    84 |     7 ||   119
       Broad axe         |       |       |    83 |    28 ||   111
Invok: Berserk           |     1 |     2 |     6 |     3 ||    12
Evoke: Wand              |       |       |     1 |     1 ||     2
Armor: Chain mail        |    19 |    63 |    66 |       ||   148
       Plate armour      |       |       |    62 |     7 ||    69
Dodge: Dodged            |    19 |    48 |    69 |     8 ||   144
Block: Kite shield       |       |    16 |   156 |    12 ||   184
